 Dungeon Crawl Stone Soup version 0.31.0-32-g396128a36d (webtiles) character file.

Game seed: 12796744584542485649

1274 SilverFoxx the Shield-Bearer (level 8, -1/73 HPs)
             Began as a Minotaur Fighter on Apr 6, 2024.
             Was an Initiate of Trog.
             Succumbed to a scorpion's poison
             ... on level 4 of the Dungeon.
             The game lasted 00:32:17 (3959 turns).

SilverFoxx the Shield-Bearer (Minotaur Fighter)     Turns: 3959, Time: 00:32:18

Health: -1/73      AC: 12    Str: 23    XL:     8   Next: 28%
Magic:  0/7        EV:  6    Int:  5    God:    Trog [......]
Gold:   206        SH:  4    Dex: 10    Spells: 7/7 levels left

rFire   . . .        a - +0 war axe
rCold   . . .        c - +0 buckler
rNeg    . . .        l - +0 plate armour
rPois   .            (helmet restricted)
rElec   .            (no cloak)
rCorr   .            (no gloves)
SInv    .            b - +0 pair of boots
Will    .....        x - amulet of guardian spirit Stlth
                     (no ring)
HPRegen 0.32/turn    (no ring)
MPRegen 0.10/turn

%: guardian spirit
@: lethally poisoned (-1 -> -5)
A: horns 2, retaliatory headbutt
a: Renounce Religion


You were on level 4 of the Dungeon.
You worshipped Trog.
Trog was noncommittal.
You visited 1 branch of the dungeon, and saw 5 of its levels.

You collected 206 gold pieces.

Inventory:

Hand Weapons
 a - a +0 war axe (weapon)
 n - a +0 vampiric trident
 u - a +5 club
 v - a +0 sling
Armour
 b - a +0 pair of boots (worn)
 c - a +0 buckler (worn)
 l - a +0 plate armour (worn)
 t - a +2 scale mail of cold resistance
Jewellery
 x - an amulet of guardian spirit (around neck)
Wands
 d - a wand of charming (1)
 o - a wand of light (11)
Scrolls
 f - a scroll of immolation {unknown}
 h - 3 scrolls of enchant weapon {unknown}
 k - 6 scrolls of identify
 p - a scroll of silence {unknown}
 q - a scroll of torment {unknown}
 r - a scroll of teleportation {unknown}
 s - a scroll of poison {unknown}
 w - a scroll of summoning {unknown}
 y - a scroll of blinking {unknown}
Potions
 e - a potion of enlightenment
 g - a potion of berserk rage
 i - a potion of degeneration {unknown}
 j - a potion of brilliance {unknown}
 m - 2 potions of curing {unknown}


   Skills:
 + Level 7.0(3.5) Fighting
 + Level 6.5(3.2) Axes
 + Level 6.8(3.4) Armour
 - Level 0.3(0.1) Dodging
 + Level 7.0(3.5) Shields


You had 7 spell levels left.
You didn't know any spells.
Your spell library contained the following spells:

 Spells                   Type           Power      Damage    Failure   Level
 Foxfire                  Conj/Fire      0%         2x1d4     100%        1
 Frozen Ramparts          Ice            0%         1d1       100%        3
 Leda's Liquefaction      Alch/Erth      0%         N/A       100%        4
 Petrify                  Alch/Erth      0%         N/A       100%        4
 Metabolic Englaciation   Hex/Ice        0%         N/A       100%        5
 Plasma Beam              Fire/Air       0%         2x1d10    100%        6
 Starburst                Conj/Fire      0%         6d3       100%        6


Dungeon Overview and Level Annotations

Branches:
Dungeon (5/15)
 Temple: D:4-7

Altars:
Ashenzari
Gozag
Ru
Trog
Vehumet
Wu Jian

Annotations:
D:4 Prince Ribbit


Innate Abilities, Weirdness & Mutations

You have a pair of horns on your head.
You reflexively headbutt those who attack you in melee.


Message History

Prince Ribbit hits you! x2
* * * LOW HITPOINT WARNING * * *
You miss Prince Ribbit.
Prince Ribbit is almost dead.
Prince Ribbit hops awkwardly around.
Prince Ribbit hits you but does no damage.
Prince Ribbit croaks regally.
Prince Ribbit blinks!
A scorpion comes into view.
Prince Ribbit blinks!
Prince Ribbit blinks!
Prince Ribbit blinks!
Prince Ribbit blinks!
Prince Ribbit blinks!
The scorpion stings you.
* * * LOW HITPOINT WARNING * * *
Prince Ribbit blinks!
An adder comes into view.
The adder hisses angrily.
The scorpion attacks as it pursues you! The scorpion barely misses you.
You furiously retaliate!
You headbutt the scorpion.
The scorpion stings you but does no damage.
Prince Ribbit blinks!
The adder bites you but does no damage.
Found a leather armour.
The adder bites you but does no damage. Prince Ribbit hits you!
* * * LOW HITPOINT WARNING * * *
The scorpion stings you.
You are lethally poisoned!
The scorpion poisons you!
* * * LOW HITPOINT WARNING * * *
You feel sick. The adder barely misses you.
Prince Ribbit hits you but does no damage.
The scorpion barely misses you.
There is a stone staircase leading up here.
* * * LOW HITPOINT WARNING * * *
You feel sick. You block the adder's attack. Prince Ribbit barely misses you.
The scorpion stings you but does no damage.
You block the adder's attack. Prince Ribbit hits you.
* * * LOW HITPOINT WARNING * * *
You climb upwards.
You die...

#.#.##....>.[#
#.#.##.......#
#.#.##..........#
#....#######.##.#
#......# #.# # #....#.#
#.# #.####.# #.#
#.####.#####.# ##
#......s@S...# .#
#######.F###.[# .# ####.#
#..#....# .#
#.....>####..#.#.##
.###.#.............##
...............#..#####.#
.##..###................#
.##..# ##.######....#####
.<...# #.# ##.....##


You could see Prince Ribbit, a scorpion and an adder.

Vanquished Creatures
  A water moccasin (D:4)
  Duvessa (D:4)
  Pargi (D:4)
  An ice beast (D:5)
  A phantom (D:5)
  2 scorpions (D:4)
  Dowan (D:4)
  2 howler monkeys (D:4)
  A bombardier beetle (D:4)
  A hound (D:4)
  Ijyb (D:3)
  Natasha (thrice) (D:4)
  8 adders
  4 river rats (D:3)
  2 dart slugs
  5 ribbon worms (D:3)
  5 orcs
  5 bats
  8 endoplasms
  3 giant cockroaches
  7 goblins
  5 hobgoblins
  4 jackals (D:2)
  A quokka (D:4)
  9 ball pythons
  3 frilled lizards
  3 kobolds
  10 rats
98 creatures vanquished.

Vanquished Creatures (collateral kills)
  Grinder (D:4)
1 creature vanquished.

Grand Total: 99 creatures vanquished

Notes
Turn   | Place    | Note
-------+----------+-------------------------------------------
     0 | D:1      | SilverFoxx the Minotaur Fighter began the quest for the
                  | Orb.
     0 | D:1      | Reached XP level 1. HP: 19/19 MP: 0/0
     6 | D:1      | Noticed a black mamba
     6 | D:1      | Noticed an eight-headed hydra
     6 | D:1      | Noticed a komodo dragon
     6 | D:1      | Noticed a lindwurm
     6 | D:1      | Noticed a hound
   155 | D:1      | Reached XP level 2. HP: 22/27 MP: 1/1
   684 | D:2      | Reached XP level 3. HP: 33/33 MP: 2/2
  1315 | D:3      | Found a broken altar of Ashenzari.
  1319 | D:3      | Saw a vision of the Shoals and the Spider Nest.
  1319 | D:3      | Noticed a snapping turtle
  1319 | D:3      | Noticed a manticore
  1319 | D:3      | Noticed a sea snake
  1319 | D:3      | Noticed a merfolk
  1319 | D:3      | Noticed a merfolk siren
  1319 | D:3      | Noticed a merfolk
  1319 | D:3      | Noticed a jumping spider
  1319 | D:3      | Noticed an entropy weaver
  1319 | D:3      | Noticed a tarantella
  1319 | D:3      | Noticed a sun moth
  1319 | D:3      | Noticed a tarantella
  1319 | D:3      | Noticed a jumping spider
  1319 | D:3      | Noticed a wolf spider
  1319 | D:3      | Noticed a redback
  1320 | D:3      | Noticed a culicivora
  1321 | D:3      | Noticed a moth of wrath
  1322 | D:3      | Noticed a wolf spider
  1323 | D:3      | Noticed a sea snake
  1323 | D:3      | Noticed a jumping spider
  1371 | D:3      | Found a sacrificial altar of Ru.
  1449 | D:3      | Found a faded altar of an unknown god.
  1459 | D:3      | Prayed at the altar of an unknown god.
  1459 | D:3      | Became a worshipper of Vehumet
  1459 | D:3      | Reached * piety under Vehumet
  1459 | D:3      | Offered knowledge of Freeze by Vehumet.
  1460 | D:3      | Noticed Ijyb
  1491 | D:3      | Killed Ijyb
  1492 | D:3      | Reached XP level 4. HP: 25/41 MP: 3/3
  1872 | D:3      | Reached XP level 5. HP: 27/47 MP: 4/4
  2200 | D:3      | Fell from the grace of Vehumet
  2200 | D:3      | Became a worshipper of Ashenzari the Shackled
  2310 | D:3      | Found an ornate altar of the Wu Jian Council.
  2420 | D:4      | Reached skill level 5 in Fighting
  2420 | D:4      | Reached skill level 5 in Shields
  2429 | D:4      | Found an opulent altar of Gozag.
  2487 | D:4      | Noticed Grinder
  2496 | D:4      | Paralysed by Grinder for 4 turns
  2506 | D:4      | Paralysed by Grinder for 3 turns
  2511 | D:4      | Found a bloodstained altar of Trog.
  2524 | D:4      | Killed Grinder
  2525 | D:4      | Reached skill level 5 in Armour
  2525 | D:4      | Reached XP level 6. HP: 13/56 MP: 5/5
  2612 | D:4      | Reached skill level 5 in Axes
  2769 | D:4      | Noticed Natasha
  2779 | D:4      | Killed Natasha
  2780 | D:4      | Reached XP level 7. HP: 61/62 MP: 6/6
  2959 | D:4      | Noticed Pargi
  2961 | D:4      | Noticed Duvessa
  2964 | D:4      | Noticed Dowan
  2972 | D:4      | Killed Duvessa
  2984 | D:4      | Killed Pargi
  2998 | D:4      | Killed Dowan
  3216 | D:4      | Noticed Natasha
  3224 | D:4      | Killed Natasha
  3274 | D:4      | Noticed Natasha
  3282 | D:4      | Killed Natasha
  3288 | D:4      | Fell from the grace of Ashenzari
  3288 | D:4      | Became a worshipper of Trog the Wrathful
  3420 | D:5      | Entered Level 5 of the Dungeon
  3438 | D:5      | Reached XP level 8. HP: 11/71 MP: 0/7
  3908 | D:5      | Noticed Prince Ribbit
  3958 | D:5      | HP: 2/73 [poisoned by a scorpion]
  3959 | D:4      | Succumbed to a scorpion's poison

Illustrated notes

Levels and vault maps discovered:
D:1:      onia_arrival_zoo_common, layout_basic
D:2:      layout_rooms, kennysheep_crisscross
D:3:      layout_loops_cross, grunt_ashenzari_visionary
          [grunt_ashenzari_visionary_shoals, grunt_ashenzari_visionary_spider],
          nicolae_ru_awakened_eye, nzn_wu_jian_contemplation,
          hellmonk_ecumenical_altar_zigzags, lightli_sewer_entry_pipes,
          uniq_ijyb
D:4:      layout_loops_ring, bloody_trog, nicolae_gozag_seed_capital,
          minmay_misc_feat_rows, chequers_mini_garden, uniq_natasha,
          uniq_duvessa, uniq_pargi, uniq_grinder
D:5:      layout_cave_pools, uniq_prince_ribbit1

Skill      XL: |  1  2  3  4  5  6  7  8 |
---------------+-------------------------+-----
Shields        | 4 5 6 7 |  7.0
Fighting       | 4 5 6 7 |  7.0
Axes           | 3 4 5 6 |  6.5
Armour         | 4 5 6 |  6.8
Dodging        | |  0.3

Action                     |  1- 3 |  4- 6 |  7- 9 || total
---------------------------+-------+-------+-------++-------
  Melee: War axe           |    81 |   126 |   100 ||   307
         Headbutt          |    10 |    12 |    16 ||    38
  Evoke: Wand              |       |     5 |       ||     5
    Use: Scroll            |     1 |     1 |       ||     2
         Potion            |     1 |       |     1 ||     2
 Armour: Scale mail        |    55 |       |       ||    55
         Plate armour      |    32 |   142 |   151 ||   325
  Dodge: Dodged            |    47 |    29 |    42 ||   118
  Block: Buckler           |    18 |    27 |    32 ||    77
